 Dungeon Crawl Stone Soup version 0.19.5 (webtiles) character file.

46 equalderp2856 the Chiller (level 3, -2/14 HPs)
             Began as a Felid Ice Elementalist on Apr 1, 2017.
             Slain by a kobold
             ... wielding a +0 whip
              (7 damage)
             ... on level 2 of the Dungeon.
             The game lasted 00:05:00 (2353 turns).

equalderp2856 the Chiller (Felid Ice Elementalist)  Turns: 2353, Time: 00:05:01

Health: -2/14      AC:  1    Str:  4    XL:     3   Next: 44%
Magic:  4/8        EV: 18    Int: 16    God:
Gold:   85         SH:  0    Dex: 17    Spells: 1 memorised, 6 levels left
                                        Lives:  0   Deaths: 1

rFire  . . .     SeeInvis +     (weapon unavailable)
rCold  . . .     Gourm    .     (armour unavailable)
rNeg   . . .     Faith    .     (shield unavailable)
rPois  .         Spirit   .     (helmet unavailable)
rElec  .         Reflect  .     (cloak unavailable)
rCorr  .         Harm     .     (gloves unavailable)
MR     .....                    (boots unavailable)
Stlth  +++.......               (no amulet)
                                (no ring)
                                (no ring)

@: quick
A: no armour, no weapons or thrown items, stealth, claws 1, fangs 3, see
invisible, carnivore 3, speed 1, shaggy fur 1, slow metabolism 1, sharp paws
a: no special abilities


You were on level 2 of the Dungeon.
You were not hungry.

You visited 1 branch of the dungeon, and saw 2 of its levels.

You collected 85 gold pieces.

Inventory:

Scrolls
 c - a scroll of amnesia {unknown}
 e - a scroll of identify {unknown}
 g - 2 scrolls of recharging {unknown}
 h - a scroll of magic mapping {unknown}
 i - a scroll of fog {unknown}
 k - a scroll of noise {unknown}
Potions
 d - a potion of might {unknown}
 f - a potion of degeneration {unknown}
 j - a potion of lignification {unknown}
 l - a potion of magic {unknown}
Books
 a - a book of Frost

   Spells                             Type                      Level
   a - Freeze                         Ice                          1
   b - Throw Frost                    Conjuration/Ice              2
   c - Ozocubu's Armour               Charms/Ice                   3
   d - Throw Icicle                   Conjuration/Ice              4
   e - Summon Ice Beast               Ice/Summoning                4
Comestibles
 b - 2 meat rations


   Skills:
 + Level 3.1 Dodging
 + Level 3.3 Stealth
 + Level 2.7 Spellcasting
   Level 0.8 Conjurations
 + Level 3.9 Ice Magic


You had 6 spell levels left.
You knew the following spells:

 Your Spells              Type           Power        Failure   Level  Hunger
a - Freeze                Ice            ##..         4%          1    #......


Dungeon Overview and Level Annotations

Branches:
Dungeon (2/15)

Altars:


Innate Abilities, Weirdness & Mutations

You cannot wear armour.
You are incapable of wielding weapons or throwing items.
Your paws allow you to move quietly. (Stealth)
You have sharp claws.
You have razor-sharp teeth.
You have supernaturally acute eyesight. (SInv)
You are carnivorous and can eat meat at any time.
You cover ground quickly.
You are covered in fur. (AC +1)
You have a slow metabolism.
Your sharp claws are effective at attacking unaware monsters.


Message History

You kill the jackal!
The kobold misses you. The jackal bites you.
Casting: Freeze
Confirm with . or Enter, or press ? or * to list all spells.
Aiming: Freeze
Press: ? - help, Shift-Dir - straight line, f - kobold
Aim: a kobold, wielding a +0 club You freeze the kobold.
You kill the kobold!
The kobold hits you with a whip. The jackal closely misses you.
Casting: Freeze
Confirm with . or Enter, or press ? or * to list all spells.
Aiming: Freeze
Press: ? - help, Shift-Dir - straight line, f - kobold
Aim: a kobold, wielding a whip You freeze the kobold.
The kobold is heavily wounded.
The jackal bites you. The kobold hits you with a whip!
Ouch! That really hurt!
You die...

........# ##.#
##......# #.#
#......#
##########.##
#......#
#.......##..#
######.#
#..?....###.## #####
#.# #.......# #.†#
....#
#.###.......####.####
....#
#.#.'....K.('.......#
....###.#
#....)@.####.##.#.
....'...# #....†h.#
..# #. ....###.#
#.......# .... #@
....# ###
#.......#.....# #.
....# #.......#.....#
#. ....#
#############.. #.
##### #..#.##### #
#...(....# #
#..#.###.#


You could see a jackal and a kobold.

Vanquished Creatures
  Terence (D:2)
  3 adders (D:2)
  A worm (D:2)
  3 dart slugs
  6 bats
  2 giant cockroaches (D:1)
  7 goblins
  2 hobgoblins
  A jackal (D:2)
  A ball python (D:1)
  A frilled lizard (D:1)
  4 kobolds
  7 rats
39 creatures vanquished.

Notes
Turn   | Place    | Note
-------+----------+-------------------------------------------
     0 | D:1      | equalderp2856 the Felid Ice Elementalist began the quest for the Orb.
     0 | D:1      | Reached XP level 1. HP: 7/7 MP: 4/4
   213 | D:1      | Reached XP level 2. HP: 11/11 MP: 4/6
  1205 | D:2      | Noticed Terence
  1319 | D:2      | Reached XP level 3. HP: 14/14 MP: 4/7
  2133 | D:2      | Reached XP level 4. HP: 18/18 MP: 4/8
  2266 | D:2      | Killed Terence
  2304 | D:2      | Slain by a kobold
  2305 | D:2      | Reached XP level 3. HP: -3/14 MP: 5/8
  2353 | D:2      | Slain by a kobold

Skill      XL: |  1  2  3 |
---------------+----------+-----
Ice Magic      | 3 |  3.9
Dodging        | 3 |  3.1
Stealth        | 3 |  3.3
Spellcasting   | |  2.7
Conjurations   | |  0.8

Action                   |  1- 3 |  4- 6 || total
-------------------------+-------+-------++-------
Melee: Unarmed           |    15 |       ||    15
       Bite              |     2 |       ||     2
 Cast: Freeze            |    62 |     8 ||    70
  Eat: Chunk             |    10 |       ||    10
Armor: Skin              |     6 |       ||     6
Dodge: Dodged            |    48 |    36 ||    84
